 Dungeon Crawl Stone Soup version 0.28-a0-1142-gc8569940dd (webtiles) character file.

Game seed: 17816585353535887144

620 LadyOphelia the Chopper (level 7, -9/62 HPs)
             Began as a Hill Orc Cinder Acolyte on Dec 13, 2021.
             Was an Initiate of Ignis.
             Mangled by a gnoll sergeant (14 damage)
             ... on level 4 of the Dungeon.
             The game lasted 00:16:49 (4783 turns).

LadyOphelia the Chopper (Hill Orc Cinder Acolyte)   Turns: 4783, Time: 00:16:51

Health: -9/62      AC:  6    Str: 19    XL:     7   Next: 46%
Magic:  8/8        EV: 16    Int: 14    God:    Ignis [......]
Gold:   118        SH:  0    Dex:  6    Spells: 8/8 levels left

rFire   + . .      SeeInvis .   a - -1 hand axe (flame)
rCold   . . .      Faith    .   (no shield)
rNeg    . . .      Spirit   .   b - +0 robe
rPois   .          Reflect  .   (no helmet)
rElec   .          Harm     .   i - +2 cloak
rCorr   .          Rampage  .   l - +0 pair of gloves
Will    .....                   (no boots)
Stlth   +.........              (no amulet)
HPRegen 0.20/turn               j - +4 ring of evasion
MPRegen 0.11/turn               (no ring)

@: on berserk cooldown, slowed, very slow
A: no striking features
a: Renounce Religion


You were on level 4 of the Dungeon.
You worshipped Ignis.
Ignis was noncommittal.
You visited 1 branch of the dungeon, and saw 4 of its levels.

You collected 118 gold pieces.

Inventory:

Hand Weapons
 a - a -1 hand axe of flaming (weapon)
Armour
 b - a +0 robe (worn)
 i - a +2 cloak (worn)
 l - a +0 pair of gloves (worn)
Magical Staves
 c - a staff of air
 g - a staff of fire
Jewellery
 j - a +4 ring of evasion (left hand)
Scrolls
 d - a scroll of amnesia {unknown}
 f - 3 scrolls of identify
Potions
 e - a potion of brilliance
 k - a potion of curing {unknown}


   Skills:
 + Level 5.7 Fighting
 + Level 7.6 Axes
 + Level 3.1 Dodging
 + Level 1.8 Stealth
 + Level 1.0 Spellcasting
 + Level 3.2 Fire Magic


You had 8 spell levels left.
You didn't know any spells.
Your spell library contained the following spells:

 Spells                   Type           Power      Damage    Failure   Level
 Scorch                   Fire           18%        2d5       11%         2
 Conjure Flame            Conj/Fire      5%         6-21      38%         3
 Ignite Poison            Fire/Tmut/Pois 3%         N/A       45%         3
 Sticky Flame             Conj/Fire      5%         2d3       80%         4


Dungeon Overview and Level Annotations

Branches:
Dungeon (4/15)
 Temple: D:4-7

Altars:
Makhleb
Ru


Message History

The gnoll shouts!
The gnoll sergeant barely misses you.
The gnoll sergeant hits you with a +2 trident of venom!
The gnoll sergeant hits you from afar with a +2 trident of venom!
The gnoll hits you from afar with a +0 halberd.
The gnoll sergeant hits you with a +2 trident of venom.
You are poisoned.
The gnoll hits you with a +0 halberd!
You feel very sick. The gnoll sergeant closely misses you.
The gnoll closely misses you.
You feel sick.
The gnoll sergeant hits you but does no damage.
You are more poisoned.
You feel very sick.
You feel very sick.
The gnoll sergeant completely misses you.
You feel sick.
It was a potion of berserk rage.
A red film seems to cover your vision as you go berserk!
You feel yourself moving faster!
You feel mighty!
You feel sick.
The gnoll sergeant hits you from afar with a +2 trident of venom.
* * * LOW HITPOINT WARNING * * *
You feel a strong urge to attack something.
You feel sick. The gnoll sergeant closely misses you.
The gnoll closely misses you.
You feel your anger nearly subside.
You are no longer berserk.
You are exhausted.
You feel yourself slow down.
You feel sick. The gnoll misses you.
You barely miss the gnoll.
You hit the gnoll sergeant but do no damage.
You feel sick.
The gnoll sergeant completely misses you.
The gnoll barely misses you. The gnoll sergeant closely misses you.
You hit the gnoll. You burn the gnoll.
The gnoll is heavily wounded.
You barely miss the gnoll sergeant.
You feel sick.
You are no longer poisoned.
The gnoll hits you but does no damage.
The gnoll sergeant hits you with a +2 trident of venom!
You die...

#.##..............## ...
#.########.........###....
#.# #...............# #.#
#.......†........ #.#
###.#.##........# #.#
####.#.##......... #.#
##....#.#.........# #.#
#.....g.#.........# #.#
#..##.#@#.......... #.#
#..##.#g..........^ #.#
#..##.###..........
###.######..##.###.....)....
#.......).................
#.#.##########............
#...# ......####### #####
#.....# ....#


You could see a gnoll sergeant and a gnoll.

Vanquished Creatures
  Sigmund (D:3)
  A centaur (D:3)
  A scorpion (D:4)
  A howler monkey (D:4)
  A hound (D:4)
  2 orc priests (D:3)
  2 iguanas (D:4)
  4 adders
  2 gnolls (D:4)
  A worm (D:2)
  3 dart slugs
  13 orcs
  2 endoplasms (D:2)
  3 giant cockroaches
  6 goblins
  7 hobgoblins
  3 jackals (D:2)
  7 quokkas
  7 ball pythons
  4 bats
  5 frilled lizards
  3 kobolds (D:2)
  2 rats
81 creatures vanquished.

Vanquished Creatures (others)
  51 foxfires (D:3)
51 creatures vanquished.

Grand Total: 132 creatures vanquished

Notes
Turn   | Place    | Note
-------+----------+-------------------------------------------
     0 | D:1      | LadyOphelia the Hill Orc Cinder Acolyte began the quest for
                  | the Orb.
     0 | D:1      | Reached XP level 1. HP: 19/19 MP: 2/2
    18 | D:1      | Noticed an electric eel
   265 | D:1      | Reached XP level 2. HP: 22/27 MP: 3/3
  1674 | D:2      | Reached XP level 3. HP: 17/33 MP: 4/4
  2018 | D:2      | Found a burning altar of Makhleb.
  2835 | D:2      | Reached skill level 1 in Dodging
  2973 | D:2      | Reached skill level 5 in Axes
  3114 | D:3      | Noticed Sigmund
  3122 | D:3      | Noticed a centaur
  3135 | D:3      | Killed Sigmund
  3136 | D:3      | Reached skill level 5 in Fighting
  3136 | D:3      | Reached skill level 6 in Axes
  3136 | D:3      | Reached skill level 1 in Stealth
  3136 | D:3      | Reached XP level 4. HP: 12/42 MP: 5/5
  3136 | D:3      | Reached XP level 5. HP: 14/48 MP: 6/6
  3136 | D:3      | Killed a centaur
  3137 | D:3      | Reached XP level 6. HP: 16/56 MP: 7/7
  3474 | D:3      | Found a sacrificial altar of Ru.
  4427 | D:4      | Reached skill level 7 in Axes
  4427 | D:4      | Reached XP level 7. HP: 61/61 MP: 8/8
  4783 | D:4      | Mangled by a gnoll sergeant

Illustrated notes

Levels and vault maps discovered:
D:1:      arrival_aquarium_a, layout_basic, supply_closet_lemuel
D:2:      layout_basic, basic_altar
D:3:      layout_basic, overflow_temple_1_default, uniq_sigmund
D:4:      minmay_general_purpose_star, layout_basic, lemuel_doored_altar,
          mainiacjoe_overflow_swirl

Skill      XL: |  1  2  3  4  5  6  7 |
---------------+----------------------+-----
Fighting       | 4 5 |  5.7
Dodging        | 2 3 |  3.1
Axes           | 6 7 |  7.6
Stealth        | 1 |  1.8
Spellcasting   | |  1.0
Fire Magic     | |  3.2

Action                   |  1- 3 |  4- 6 |  7- 9 || total
-------------------------+-------+-------+-------++-------
Melee: Hand axe          |   153 |    63 |    63 ||   279
Invok: Fiery Armour      |     3 |     3 |     1 ||     7
       Foxfire Swarm     |     1 |     2 |       ||     3
       Rising Flame      |       |       |     1 ||     1
  Use: Scroll            |       |     2 |       ||     2
       Potion            |       |       |     1 ||     1
Armor: Robe              |    39 |    15 |    17 ||    71
Dodge: Dodged            |   107 |    58 |    54 ||   219

Table legend: (Time is in decaauts)
 A = Elapsed time spent in this place.
 B = Non-inter-level travel time spent in this place.
 C = Inter-level travel time spent in this place.
 D = Time resting spent in this place.
 E = Time spent auto-exploring this place.
 F = Levels seen in this place.
 G = Mean time per level.
                   A        B        C        D        E       F      G
               +--------+--------+--------+--------+--------+-----+--------+
         Total |   4786 |   4655 |    131 |   1420 |   2300 |   4 | 1196.5 |
       Dungeon |   4786 |   4655 |    131 |   1420 |   2300 |   4 | 1196.5 |
               +--------+--------+--------+--------+--------+-----+--------+

Top non-repeatable levels by time:
     D:1: 1663 daAuts
     D:2: 1458 daAuts
     D:3: 1302 daAuts
     D:4: 362 daAuts
